AoeStats
← Toker505

Arabia

510381652Analyzed
1v1 RM · 2d ago on Sep 30, 2026· 43m 38s· 2 players
Game mode
Random Map
Map size
Tiny (2 player)
Population
200
Speed
Normal
Resources
Standard
Victory
Conquest
Starting age
Dark Age
Ending age
Imperial Age
RankedLock teamsTeams togetherTeam positionsShared explorationLock speedFull tech treeHidden civsTurbo modeCheats
Victory
Defeat
🇺🇸 Tupi · United States
934
+15
🇬🇧 Hindustanis · United Kingdom
907
-15
rumham
6:55 Loom
9:02 Feudal Age
10:36 Double-Bit Axe
18:06 Fletching
18:17 Padded Archer Armor
22:07 Castle Age
22:19 Elite Skirmisher
24:04 Bodkin Arrow
25:14 Leather Archer Armor
26:35 Bow Saw
27:30 Horse Collar
31:15 Forging
31:44 Heavy Plow
39:00 Scale Mail Armor
39:05 Gold Mining
43:44 Imperial Age
43:01 Iron Casting
42:43 Chain Mail Armor
Toker505
6:41 Loom
9:49 Feudal Age
15:23 Wheelbarrow
17:25 Forging
17:07 Fletching
24:12 Castle Age
23:17 Scale Mail Armor
24:29 Padded Archer Armor
24:30 Scale Mail Armor
24:17 Elite Skirmisher
24:18 Crossbowman
26:18 Iron Casting
25:56 Town Watch
28:15 Bodkin Arrow
28:27 Double-Bit Axe
28:35 Double-Bit Axe
28:56 Horse Collar
30:21 Gold Mining
38:39 Imperial Age
36:42 Bow Saw
36:42 Heavy Plow
40:35 Chemistry
40:32 Chain Mail Armor
41:00 Ballistics
41:41 Gold Shaft Mining
41:26 Arson
41:42 Squires
41:26 Arbalester
43:39 Plate Mail Armor
Connection lost

Rejoining the realm…

Still unreachable

The connection could not be restored.

Session expired

The server has moved on; the page needs a fresh start.